 Dungeon Crawl Stone Soup version 0.29-a0-416-g83a48905f1 (webtiles) character file.

Game seed: 16617345675174249801

17113 Pelinal the Nimble (level 12, -10/74 HPs)
             Began as a Merfolk Ice Elementalist on May 17, 2022.
             Was a Believer of Ashenzari.
             Killed from afar by a wretched star (20 damage)
             ... with a lance of force
             ... on level 4 of the Abyss.
             The game lasted 00:34:28 (10002 turns).

Pelinal the Nimble (Merfolk Ice Elementalist)      Turns: 10002, Time: 00:34:28

Health: -10/74     AC: 21    Str:  3 (4)  XL:     12   Next: 44%
Magic:  17/17      EV: 24    Int:  9 (10) God:    Ashenzari [**....]
Gold:   888        SH:  7    Dex: 21 (25) Spells: 10/17 levels left

rFire   + + +      SeeInvis +   K - +2 trident (protect)
rCold   . . .      Faith    .   e - +1 buckler "Ewielof" {-Tele Fly rF+++ Str-5}
rNeg    . . .      Spirit   .   J - +3 troll leather armour {Pargi}
rPois   +          Reflect  .   (no helmet)
rElec   .          Harm     .   G - +0 cloak of Ashenzari's Vexation {Melee, Cun} (curse)
rCorr   +          Rampage  .   f - +0 pair of gloves of Ashenzari's Hedonism {Bglg, Alch} (curse)
Will    .....      NoTele   +   E - +0 pair of boots of the Cosmic Pessimism {Self, Melee} (curse)
Stlth   ++++......              d - amulet of Ashenzari's Regret {RegenMP Dex+6, Alch, Self} (curse)
HPRegen 1.02/turn               g - +4 ring of evasion
MPRegen 0.55/turn               B - ring "Culoghedgh" {rPois rF+ rCorr Stlth-}

@: ice-armoured, under a protective aura, flying
A: (nimble swimmer 2), mertail, [deterioration 2], [dopey 2]
a: Renounce Religion, Curse Item, Shatter the Chains


You were on level 4 of the Abyss.
You worshipped Ashenzari.
Ashenzari was pleased with you.
You visited 2 branches of the dungeon, and saw 11 of its levels.
You visited the Abyss 1 time.
You also visited: Sewer and Bailey.

You collected 888 gold pieces.

Inventory:

Hand Weapons
 a - a +2 hunting sling of freezing
 b - a +2 dagger of venom
 K - a +2 trident of protection (weapon)
Missiles
 A - 55 poisoned darts (quivered)
Armour
 e - the +1 buckler "Ewielof" (worn) {-Tele Fly rF+++ Str-5}
   (You found it on level 7 of the Dungeon)

   Str:       It affects your strength (-5).
   rF:        It renders you almost immune to fire.
   Fly:       It grants you flight.
   -Tele:     It prevents most forms of teleportation.
 f - the cursed +0 pair of gloves of Ashenzari's Hedonism (worn) {Bglg, Alch}
   (You found it on level 1 of the Dungeon)

   It has a curse which improves the following skills: Beguiling: Conjurations,
   Hexes and Translocations.
   Alchemy:   Poison Magic and Transmutations.
 q - a +2 leather armour of cold resistance
 y - +0 steam dragon scales
 E - the cursed +0 pair of boots of the Cosmic Pessimism (worn) {Self, Melee}
   (You found it on level 5 of the Dungeon)

   It has a curse which improves the following skills: Introspection: Fighting
   and Spellcasting.
   Melee Combat: Short Blades, Long Blades, Axes, Maces & Flails, Polearms,
   Staves and Unarmed Combat.
 G - the cursed +0 cloak of Ashenzari's Vexation (worn) {Melee, Cun}
   (You found it on level 6 of the Dungeon)

   It has a curse which improves the following skills: Melee Combat: Short
   Blades, Long Blades, Axes, Maces & Flails, Polearms, Staves and Unarmed
   Combat.
   Cunning:   Dodging and Stealth.
 J - a +3 troll leather armour (worn) {Pargi}
 N - a +0 pair of boots
Jewellery
 d - the cursed amulet of Ashenzari's Regret (around neck) {RegenMP Dex+6, Alch, Self}
   (You acquired it on level 7 of the Dungeon)

   [amulet of magic regeneration]

   It increases your rate of magic regeneration.
   Dex:       It affects your dexterity (+6).
   It has a curse which improves the following skills: Alchemy: Poison Magic and
   Transmutations.
   Introspection: Fighting and Spellcasting.
 g - a +4 ring of evasion (left hand)
 o - an amulet of regeneration
 p - an amulet of guardian spirit
 B - the ring "Culoghedgh" (right hand) {rPois rF+ rCorr Stlth-}
   (You found it on level 4 of the Dungeon)

   [ring of poison resistance]

   rF:        It protects you from fire.
   rPois:     It protects you from poison.
   rCorr:     It protects you from acid and corrosion.
   Stlth:     It makes you less stealthy.
 H - a ring of flight
 L - the ring "Afyx" {Fire rElec Str+6 SInv Stlth-}
   (You found it on level 6 of the Dungeon)

   [ring of fire]

   It enhances your fire magic.
   Str:       It affects your strength (+6).
   rF:        It protects you from fire.
   rC:        It makes you vulnerable to cold.
   rElec:     It insulates you from electricity.
   SInv:      It lets you see invisible.
   Stlth:     It makes you less stealthy.
Wands
 l - a wand of flame (10)
 t - a wand of paralysis (7)
 S - a wand of iceblast (4)
Scrolls
 i - 2 scrolls of immolation
 j - 7 scrolls of teleportation
 n - 2 scrolls of blinking
 r - a scroll of poison
 s - a scroll of brand weapon
 u - 4 scrolls of magic mapping
 v - 2 scrolls of enchant weapon
 D - a scroll of summoning
 O - a scroll of fog
 R - 3 scrolls of fear
Potions
 w - 3 potions of brilliance
 x - 2 potions of resistance
 z - 4 potions of attraction
 C - a potion of invisibility
 F - 2 potions of flight
 I - a potion of ambrosia
 M - 5 potions of curing
 P - 2 potions of mutation
 Q - 2 potions of magic


   Skills:
 - Level 13.8(15.6) Polearms
 - Level 6.0 Throwing
 - Level 14.6(15.7) Dodging
 - Level 9.0(10.2) Stealth
 + Level 5.4 Shields
 - Level 2.0(3.4) Spellcasting
 - Level 8.0 Ice Magic


You had 10 spell levels left.
You knew the following spells:

 Your Spells              Type           Power      Damage    Failure   Level
a - Freeze                Ice            60%        1d8       2%          1
b - Frozen Ramparts       Ice            30%        1d5       9%          3
c - Ozocubu's Armour      Ice            15%        N/A       9%          3

Your spell library contained the following spells:

 Spells                   Type           Power      Damage    Failure   Level
 Animate Skeleton         Necr           2%         N/A       58%         1
 Pain                     Necr           4%         1d4       58%         1
 Hailstorm                Conj/Ice       8%         3d4       80%         4
 Gell's Gravitas          Tloc           1%         N/A       90%         3
 Ignite Poison            Fire/Tmut/Pois 1%         N/A       90%         3
 Lesser Beckoning         Tloc           1%         N/A       90%         3
 Teleport Other           Tloc           1%         N/A       90%         3
 Mephitic Cloud           Conj/Pois/Air  1%         N/A       91%         3
 Vampiric Draining        Necr           1%         2d6       91%         3
 Freezing Cloud           Conj/Ice/Air   3%         6-21      100%        5


Dungeon Overview and Level Annotations

Branches:
Dungeon (10/15)            Temple (1/1) D:6             Orc (0/2) D:9
  Sewer (visited)          Bailey (visited)
   Lair: D:8-11

Altars:
Ashenzari
Cheibriados
Dithmenos
Fedhas
Hepliaklqana
Kikubaaqudgha
Okawaru
Qazlal
Sif Muna
Uskayaw
Vehumet
Xom
Yredelemnul

Shops:
D:2 *

Annotations:
D:5 exclusion: door
D:10 Josephine


Innate Abilities, Weirdness & Mutations

((You are very nimble when in or above water. (Stealth+, EV+, Speed+++)))
Your lower body shifts to a powerful aquatic tail in water.
[Your body often deteriorates upon taking damage.]
[You are very dopey. (Int -4)]


Message History

* * * LOW HITPOINT WARNING * * *
Your body deteriorates!
You feel dopey.
Unknown command.
Unknown command.
You are too injured to fight recklessly!
You are too injured to fight recklessly!
You are too injured to fight recklessly!
Unknown command.
You are too injured to fight recklessly!
You hit the small abomination.
The small abomination is severely damaged.
You block the smoke demon's attack.
The smoke demon hits you but does no damage.
The smoke demon misses you.
You completely miss the small abomination.
The small abomination is severely damaged.
The wretched star pulses with an eldritch light!
You block the small abomination's attack.
You closely miss the small abomination.
The small abomination is severely damaged.
The smoke demon hits you but does no damage.
You block the smoke demon's attack. The smoke demon completely misses you.
Unknown command.
You barely miss the small abomination.
The small abomination is severely damaged.
The smoke demon misses you.
The smoke demon hits you but does no damage.
The smoke demon misses you. The small abomination hits you!
* * * LOW HITPOINT WARNING * * *
You barely miss the small abomination.
The small abomination is severely damaged.
You hit the small abomination.
The small abomination is severely damaged.
The smoke demon gestures at you.
The ball of steam hits you but does no damage.
You resist.
The small abomination completely misses you.
The wretched star glows turbulently.
The lance of force hits you!!
You die...

, ** , .
#####..# . * ,
,. ,#....... . ,
**##.* .... ..#
, , # . , ...
...# #.
.###........ * .
#... #..#..... .
##. ..
#x3....... , ...
*# # #@*#. .. .
*. *#
..#...........
.. .
..######........
.# #... * *.
.##.. .# # ,. #
# , ,# *'.# #
.,#* , , ## *
.#* , . .. , * *
. ** ,


You could see a wretched star, a smoke demon and a small abomination.

Vanquished Creatures
  A tentacled starspawn (Abyss:3)
  An orc warlord (Bailey)
  A hydra (D:7)
  A boulder beetle (D:6)
  A wretched star (Abyss:3)
  A worldbinder (Abyss:3)
  A smoke demon (Abyss:3)
  Maggie (D:7)
  2 hellwings (Abyss:3)
  An efreet (Abyss:3)
  2 trolls
  A hornet (D:10)
  4 raiju (Abyss:3)
  Sigmund (D:2)
  A ynoxinul (Abyss:3)
  9 yaks
  3 wraiths (D:10)
  Menkaure (D:7)
  An acid dragon (D:10)
  2 water moccasins
  7 orc warriors
  Pargi (Sewer)
  2 black bears (D:6)
  2 sky beasts (D:6)
  2 ice beasts (D:6)
  3 phantoms
  3 centaurs
  5 kobold brigands
  A necrophage (D:6)
  2 bullfrogs
  2 gnoll sergeants
  5 scorpions
  20 wights
  A howler monkey (D:4)
  5 hounds
  8 orc priests
  2 gnoll shamans
  3 jellies
  11 orc wizards
  4 iguanas
  A small abomination (Abyss:3)
  10 adders
  22 gnolls
  2 shadow imps (D:6)
  4 white imps
  3 worms
  40 orcs
  7 ball pythons
  7 endoplasms
  4 giant cockroaches
  15 goblins
  9 hobgoblins
  6 jackals
  42 kobolds
  A quokka (D:1)
  5 bats (D:1)
  7 frilled lizards
  8 rats
318 creatures vanquished.

Vanquished Creatures (others)
  2 orc wizards
  4 starspawn tentacles (Abyss:3)
6 creatures vanquished.

Grand Total: 324 creatures vanquished

Notes
Turn   | Place    | Note
-------+----------+-------------------------------------------
     0 | D:1      | Pelinal the Merfolk Ice Elementalist began the quest for
                  | the Orb.
     0 | D:1      | Reached XP level 1. HP: 13/13 MP: 3/3
    81 | D:1      | Reached XP level 2. HP: 19/19 MP: 1/5
   200 | D:1      | Reached skill level 5 in Ice Magic
   254 | D:1      | Reached XP level 3. HP: 24/24 MP: 4/6
   410 | D:1      | Found a faded altar of an unknown god.
   693 | D:2      | Learned a level 3 spell: Frozen Ramparts
   890 | D:2      | Noticed Sigmund
   902 | D:2      | Killed Sigmund
   903 | D:2      | Reached XP level 4. HP: 30/30 MP: 3/7
   903 | D:2      | Reached XP level 5. HP: 35/35 MP: 3/8
   905 | D:2      | Found a shimmering altar of Xom.
  1020 | D:2      | Found Oprueski's General Store.
  1189 | D:2      | Reached XP level 6. HP: 41/41 MP: 7/9
  1233 | D:2      | Learned a level 3 spell: Ozocubu's Armour
  1589 | D:3      | Found a hazy altar of Hepliaklqana.
  1592 | D:3      | Found a blossoming altar of Fedhas.
  1594 | D:3      | Found a stormy altar of Qazlal.
  1981 | D:4      | Reached XP level 7. HP: 46/46 MP: 5/10
  1987 | D:4      | Reached skill level 5 in Stealth
  2659 | D:4      | Identified the ring "Culoghedgh" {rPois rF+ rCorr Stlth-}
  2777 | D:5      | Entered Level 5 of the Dungeon
  2812 | D:5      | Reached XP level 8. HP: 36/52 MP: 11/11
  2996 | D:5      | Found a snail-covered altar of Cheibriados.
  3030 | D:5      | Noticed a yak
  3030 | D:5      | Noticed a yak
  3030 | D:5      | Noticed a yak
  3304 | D:5      | Noticed a yak
  3305 | D:5      | Noticed a yak
  3306 | D:5      | Noticed a yak
  3311 | D:5      | Killed a yak
  3312 | D:5      | Reached skill level 3 in Dodging
  3318 | D:5      | Killed a yak
  3319 | D:5      | Reached skill level 4 in Dodging
  3319 | D:5      | Killed a yak
  3320 | D:5      | Reached skill level 5 in Dodging
  3323 | D:5      | Killed a yak
  3328 | D:5      | Killed a yak
  3329 | D:5      | Reached skill level 5 in Polearms
  3329 | D:5      | Reached skill level 6 in Dodging
  3329 | D:5      | Reached XP level 9. HP: 44/57 MP: 1/12
  3540 | D:5      | Reached skill level 7 in Dodging
  3943 | D:6      | Found a staircase to the Ecumenical Temple.
  3954 | Temple   | Entered the Ecumenical Temple
  3961 | Temple   | Became a worshipper of Ashenzari the Shackled
  3989 | D:6      | Found a glowing drain.
  4214 | Sewer    | Entered a sewer
  4275 | Sewer    | Noticed Pargi
  4306 | Sewer    | Killed Pargi
  4413 | D:6      | Reached skill level 8 in Dodging
  4710 | D:6      | Identified the ring "Afyx" {Fire rElec Str+6 SInv Stlth-}
  4842 | D:6      | Reached skill level 9 in Dodging
  5069 | D:6      | Reached XP level 10. HP: 63/63 MP: 9/13
  5088 | D:6      | Reached skill level 10 in Dodging
  5366 | D:6      | Noticed a boulder beetle
  5400 | D:6      | Killed a boulder beetle
  5401 | D:6      | Reached skill level 10 in Polearms
  5578 | D:7      | Reached skill level 1 in Throwing
  5628 | D:7      | Noticed an eight-headed hydra
  5648 | D:7      | Killed an eight-headed hydra
  5706 | D:7      | Noticed Menkaure
  5750 | D:7      | Killed Menkaure
  5751 | D:7      | Reached skill level 5 in Throwing
  5795 | D:7      | Found a flagged portal.
  5828 | D:7      | Identified the +1 buckler "Ewielof" {-Tele Fly rF+++ Str-5}
  5845 | Bailey   | Entered a bailey
  5870 | Bailey   | Noticed an orc warlord
  5936 | Bailey   | Found a runed translucent gate.
  5938 | Bailey   | Found a runed translucent gate.
  5940 | Bailey   | Found a runed translucent gate.
  6244 | Bailey   | Killed an orc warlord
  6245 | Bailey   | Reached skill level 11 in Dodging
  6245 | Bailey   | Reached XP level 11. HP: 68/68 MP: 14/14
  6322 | Bailey   | Reached skill level 14 in Dodging
  6322 | Bailey   | Reached XP level 12. HP: 74/74 MP: 12/15
  6529 | D:7      | Noticed Maggie
  6546 | D:7      | Killed Maggie
  6709 | D:7      | Reached * piety under Ashenzari
  6709 | D:7      | Identified a scroll of acquirement
  6710 | D:7      | Acquired the amulet "Zoffel" {RegenMP Dex+6}
  7001 | D:7      | Found an iron altar of Okawaru.
  7001 | D:7      | Found an ancient bone altar of Kikubaaqudgha.
  7417 | D:8      | Reached ** piety under Ashenzari
  7720 | D:8      | Reached skill level 1 in Shields
  8189 | D:9      | Found a staircase to the Orcish Mines.
  8936 | D:10     | Entered Level 10 of the Dungeon
  9370 | D:10     | Reached skill level 5 in Shields
  9426 | D:10     | Noticed Josephine
  9583 | D:10     | Cast into level 3 of the Abyss (a wizard)
  9663 | Abyss:3  | Noticed a wretched star
  9695 | Abyss:3  | Killed a wretched star
  9806 | Abyss:3  | Noticed a tentacled starspawn
  9836 | Abyss:3  | Killed a tentacled starspawn
  9902 | Abyss:3  | Noticed a green death
  9904 | Abyss:3  | Noticed a rakshasa
  9934 | Abyss:4  | Noticed a wretched star
 10002 | Abyss:4  | Killed from afar by a wretched star

Illustrated notes

Levels and vault maps discovered:
D:1:      evilmike_arrival_plus, layout_rooms,
          ebering_ecumenical_altar_abandoned, minmay_statues_item
D:2:      layout_basic, serial_shops, nicolae_shop_statue_plus, basic_altar,
          uniq_sigmund
D:3:      layout_rooms, grunt_temple_overflow_diamond,
          hangedman_abyss_or_decor_stabs
D:4:      layout_basic, lightli_minifort
D:5:      layout_basic, kennysheep_mini
D:6:      minmay_razor_zed, layout_basic, minmay_temple_entry_mist,
          gup_sewer_entry_glass
D:7:      layout_basic, gammafunk_temple_overflow_pools, enter_bailey_5,
          uniq_menkaure, uniq_maggie
D:8:      layout_basic, serial_glass, glass_columns_a, glass_columns_a,
          glass_columns_c, glass_columns_a, glass_columns_c, glass_columns_b
D:9:      layout_long_grid, orc_0_dummy
D:10:     minmay_smoke_and_mirrors, layout_cave_pools, special_room
          [special_room_orc], uniq_josephine
Temple:   eino_temple_rhombus
Abyss:4:  base: D:1, lemuel_flamethrower_3

Skill      XL: |  1  2  3  4  5  6  7  8  9 10 11 12 |
---------------+-------------------------------------+-----
Ice Magic      | 5 7 8 |  8.0
Stealth        | 4 7 9 |  9.0
Polearms       | 5 9 11 13 | 13.8
Dodging        | 6 9 11 14 | 14.6
Throwing       | 6 |  6.0
Shields        | 5 |  5.4
Spellcasting   | |  2.0

Action                   |  1- 3 |  4- 6 |  7- 9 | 10-12 || total
-------------------------+-------+-------+-------+-------++-------
Melee: Dagger            |       |       |   158 |     3 ||   161
       Spear             |       |       |    87 |       ||    87
       Trident           |       |       |    48 |   936 ||   984
       Tailslap          |       |       |     6 |     2 ||     8
       Punch             |       |       |     2 |     4 ||     6
 Fire: Hunting sling     |    57 |    67 |    94 |       ||   218
Throw: Dart              |       |       |       |    19 ||    19
       Throwing net      |       |       |       |     5 ||     5
 Cast: Freeze            |    17 |    13 |    17 |     6 ||    53
       Frozen Ramparts   |     1 |     3 |    17 |    32 ||    53
       Ozocubu's Armour  |       |     1 |    13 |    37 ||    51
Invok: Curse Item        |       |       |       |     4 ||     4
Evoke: Wand              |       |       |     4 |    11 ||    15
  Use: Potion            |     1 |       |     1 |     9 ||    11
       Scroll            |       |       |     8 |     6 ||    14
 Stab: Sleeping          |       |       |     9 |     4 ||    13
       Paralysed         |       |       |       |    28 ||    28
       Held in net/web   |       |       |       |     2 ||     2
       Distracted        |       |       |       |     5 ||     5
Armor: Robe              |       |     1 |    31 |    24 ||    56
       Troll leather arm |       |       |       |    85 ||    85
       Steam dragon scal |       |       |       |     4 ||     4
Dodge: Dodged            |     9 |     9 |   230 |   582 ||   830
Block: Buckler           |       |       |       |   174 ||   174

Table legend: (Time is in decaauts)
 A = Elapsed time spent in this place.
 B = Non-inter-level travel time spent in this place.
 C = Inter-level travel time spent in this place.
 D = Time resting spent in this place.
 E = Time spent auto-exploring this place.
 F = Levels seen in this place.
 G = Mean time per level.
                   A        B        C        D        E       F      G
               +--------+--------+--------+--------+--------+-----+--------+
         Total |   9672 |   9278 |    394 |    572 |   5050 |  15 |  644.8 |
       Dungeon |   8692 |   8298 |    394 |    538 |   4996 |  10 |  869.2 |
        Temple |     13 |     13 |      0 |      0 |      0 |   1 |   13.0 |
         Abyss |    303 |    303 |      0 |     34 |      0 |   2 |  151.5 |
         Sewer |    155 |    155 |      0 |      0 |      0 |   1 |  155.0 |
        Bailey |    507 |    507 |      0 |      0 |     54 |   1 |  507.0 |
               +--------+--------+--------+--------+--------+-----+--------+

Top non-repeatable levels by time:
     D:6: 1428 daAuts
     D:5: 1051 daAuts
     D:9: 1049 daAuts
     D:4: 964 daAuts
     D:7: 934 daAuts
     D:8: 919 daAuts
     D:2: 796 daAuts
     D:1: 645 daAuts
  Bailey: 507 daAuts
     D:3: 469 daAuts
    D:10: 433 daAuts
 Abyss:3: 231 daAuts
   Sewer: 155 daAuts
 Abyss:4: 72 daAuts
  Temple: 13 daAuts
